 Dungeon Crawl Stone Soup version 0.29-a0-333-gb4c28e87c6 (webtiles) character file.

Game seed: 5194059935927374265

19231 Jortsu the Cleaver (level 12, -8/92 HPs)
             Began as a Demonspawn Fighter on Apr 13, 2022.
             Was a High Priest of Okawaru.
             Mangled by a tentacled starspawn (26 damage)
             ... on level 2 of the Abyss.
             The game lasted 00:30:45 (17162 turns).

Jortsu the Cleaver (Demonspawn Fighter)            Turns: 17162, Time: 00:30:46

Health: -8/92      AC: 21    Str: 33    XL:     12   Next: 34%
Magic:  4/4        EV:  9    Int: 10    God:    Okawaru [*****.]
Gold:   996        SH: 14    Dex: 12    Spells: 11/11 levels left

rFire   + . .      SeeInvis .   b - +11 broad axe of Vogrur {antimagic, Str+5}
rCold   + . .      Faith    .   D - +0 kite shield
rNeg    + . .      Spirit   .   y - +0 plate armour
rPois   .          Reflect  .   (helmet restricted)
rElec   .          Harm     .   e - scarf {rC+ rF+}
rCorr   .          Rampage  .   (no gloves)
Will    .....                   (no boots)
Stlth   ..........              (no amulet)
HPRegen 0.25/turn               m - ring of positive energy
MPRegen 0.09/turn               c - ring of Sin {AC+4 Str+4 Slay+2}

@: no status effects
A: antennae 2, foul stench 1, icemail 1, sturdy frame 2, condensation shield,
mutation resistance 1, strong 1, MP-powered wands
a: Renounce Religion, Heroism, Finesse, Duel


You were on level 2 of the Abyss.
You worshipped Okawaru.
Okawaru was extremely pleased with you.
You visited 1 branch of the dungeon, and saw 13 of its levels.
You visited the Abyss 2 times.
You also visited: Bailey and Gauntlet.

You collected 1672 gold pieces.
You spent 676 gold pieces at shops.

Inventory:

Hand Weapons
 a - a +1 war axe of protection
 b - the +11 broad axe of Vogrur (weapon) {antimagic, Str+5}
   (You acquired it on level 6 of the Dungeon)

   It reduces the magical energy of the wielder, and disrupts the spells and
   magical abilities of those it strikes.
   Natural abilities and divine invocations are not affected.
   Str:       It affects your strength (+5).
Missiles
 g - 4 throwing nets (quivered)
Armour
 e - a scarf of resistance (worn)
 y - a +0 plate armour (worn)
 D - a +0 kite shield (worn)
Jewellery
 c - the ring of Sin (right hand) {AC+4 Str+4 Slay+2}
   (You acquired it on level 1 of the Dungeon)

   [ring of protection]

   AC:        It affects your AC (+4).
   Str:       It affects your strength (+4).
   Slay:      It affects your accuracy & damage with ranged weapons and melee
   (+2).
 m - a ring of positive energy (left hand)
 w - a ring of ice
 C - a +6 ring of intelligence
 G - a ring of flight
 I - an amulet of guardian spirit
Wands
 l - a wand of acid (12)
 A - a wand of iceblast (3)
 E - a wand of flame (17)
 H - a wand of mindburst (5)
Scrolls
 k - 2 scrolls of vulnerability
 s - 2 scrolls of fear
 t - 5 scrolls of teleportation
 v - a scroll of amnesia
 x - 4 scrolls of enchant armour
 B - 4 scrolls of blinking
Potions
 d - 3 potions of haste
 f - 6 potions of ambrosia
 h - 4 potions of cancellation
 i - 2 potions of mutation
 j - a potion of heal wounds
 n - 7 potions of curing
 o - a potion of lignification
 p - a potion of berserk rage
 q - 2 potions of attraction {unknown}
 r - a potion of magic {unknown}
 u - a potion of flight {unknown}
 z - 3 potions of brilliance
Miscellaneous
 F - a tin of tremorstones (2/2)


   Skills:
 + Level 8.1 Fighting
 + Level 13.1 Axes
 + Level 8.2 Armour
 + Level 4.5 Dodging
 + Level 0.9 Stealth
 + Level 8.4 Shields
 + Level 0.1 Invocations


You had 11 spell levels left.
You didn't know any spells.
Your spell library contained the following spells:

 Spells                   Type           Power      Damage    Failure   Level
 Magic Dart               Conj           0%         1d3       96%         1
 Sandblast                Erth           0%         2d4       96%         1
 Passwall                 Tmut/Erth      0%         N/A       99%         2
 Mephitic Cloud           Conj/Pois/Air  0%         N/A       100%        3
 Stone Arrow              Conj/Erth      0%         3d7       100%        3
 Call Imp                 Summ           Unusable   N/A       N/A         2

Dungeon Overview and Level Annotations

Branches:
Dungeon (13/15)            Temple (0/1) D:7            Lair (0/6) D:9
    Orc (0/2) D:10         Bailey (visited)         Gauntlet (visited)
 Vaults: D:13-14

Altars:
Okawaru
Qazlal
Sif Muna
Uskayaw
Vehumet
Wu Jian
Xom
Beogh

Shops:
D:1 ?   D:10 !

Annotations:
Gauntlet 11 transporters, exclusion: orange crystal statue


Innate Abilities, Weirdness & Mutations

You have a pair of antennae on your head.
You may rarely emit foul miasma when damaged in melee.
A meltable icy envelope protects you from harm. (AC +4)
Your movements are less encumbered by armour. (ER -4)
A meltable shield of frost defends you. (SH +4)
You are somewhat resistant to further mutation.
Your muscles are strong. (Str +2)
You expend magic power (3 MP) to strengthen your wands.


Message History

You slice the freezing wraith!!
The freezing wraith is severely damaged.
You block the freezing wraith's attack.
The freezing wraith hits you but does no damage.
You slice the freezing wraith!!
You destroy the freezing wraith!
That felt strangely unrewarding.
You start resting.
You sense a monster nearby.
An ufetubus comes into view.
Found a sparkling altar of Nemelex Xobeh.
The ufetubus shouts!
A tentacled starspawn comes into view.
You block the ufetubus's attack.
The ufetubus hits you but does no damage.
You miss the ufetubus. You block the ufetubus's attack.
The ufetubus hits you but does no damage.
Tentacles burst from the starspawn's body! 2 starspawn tentacles come into view.
You hit the ufetubus but do no damage. The ufetubus misses you.
You block the ufetubus's attack. The ufetubus closely misses you. x2
You block the starspawn tentacle's attack.
The ufetubus attacks as you move away! You block the ufetubus's attack. x2
You slash the ufetubus!
You kill the ufetubus!
That felt strangely unrewarding.
The starspawn tentacle grabs you. The starspawn tentacle constricts you.
You escape the starspawn tentacle's grasp.
The tentacled starspawn bites you!!
* * * LOW HITPOINT WARNING * * *
The tentacled starspawn tentacle-slaps you.
* * * LOW HITPOINT WARNING * * *
You slash the tentacled starspawn!
The tentacled starspawn is lightly damaged.
Tentacles burst from the starspawn's body! 2 starspawn tentacles come into view.
You hit the tentacled starspawn.
The tentacled starspawn is lightly damaged.
You slash the starspawn tentacle! The tentacled starspawn bites you!!
You die...

.. . . ..##
##. #. ....#
## # #.# #. .#
. # ..#. . . .
. # .# #...##.
# # ...#
...#...# ## .
# #..
.##..##.# ###.
.##.#..#w# .
..
###....#@X## #
#
.......###.#w#
# .. ##.†##
##.## ..# #.
#..#...#.##..#
##. #.#####V##
.## ##
##....<.#{ #
.......{#{
#.###..#. h
#.###..


You could see a tentacled starspawn and 2 starspawn tentacles.

Vanquished Creatures
  Josephine (D:11)
  A rakshasa (D:12)
  A boulder beetle (D:12)
  2 vault guards (Bailey)
  3 two-headed ogres
  A wretched star (Abyss:2)
  A deep elf pyromancer (D:12)
  A manticore (D:11)
  A mana viper (Abyss:2)
  A cyclops (D:11)
  An elephant (D:9)
  A smoke demon (Abyss:2)
  An unseen horror (D:12)
  A komodo dragon (D:10)
  A freezing wraith (Abyss:2)
  A kobold demonologist (D:10)
  An ancient zyme (Abyss:2)
  A queen bee (D:10)
  A meliai (shapeshifter) (D:12)
  A troll (D:11)
  A hornet (D:10)
  Prince Ribbit (Bailey)
  4 raiju
  3 slime creatures (D:12)
  A shadow (D:11)
  14 yaks
  3 wraiths
  2 wyverns
  A basilisk (D:9)
  2 steam dragons
  6 humans (Bailey)
  A human (shapeshifter) (D:12)
  A harpy simulacrum (Abyss:2)
  5 water moccasins
  5 orc warriors
  3 ice beasts (D:6)
  3 black bears
  3 centaurs (D:7)
  2 phantoms
  3 kobold brigands
  9 bullfrogs
  6 gnoll sergeants
  5 wights (D:10)
  23 killer bees
  5 howler monkeys
  4 crimson imps (D:9)
  3 hounds
  3 jellies
  A gnoll shaman (D:7)
  12 orc priests
  Crazy Yiuf (D:7)
  3 iguanas
  Natasha (thrice) (D:4)
  6 orc wizards
  35 gnolls
  9 adders
  3 shadow imps
  4 white imps
  3 ufetubi
  3 worms
  3 dart slugs
  33 orcs
  5 endoplasms
  8 giant cockroaches
  16 goblins
  17 hobgoblins
  8 jackals (D:4)
  17 kobolds
  7 quokkas
  10 ball pythons
  5 bats
  2 frilled lizards
  6 rats
365 creatures vanquished.

Vanquished Creatures (others)
  2 gnolls (D:8)
  A kobold (D:8)
  4 demonic plants (Gauntlet)
  5 fungi
  27 plants
  4 starspawn tentacles (Abyss:2)
43 creatures vanquished.

Grand Total: 408 creatures vanquished

Notes
Turn   | Place    | Note
-------+----------+-------------------------------------------
     0 | D:1      | Jortsu the Demonspawn Fighter began the quest for the Orb.
     0 | D:1      | Reached XP level 1. HP: 18/18 MP: 1/1
   211 | D:1      | Gained mutation: You may rarely emit foul miasma when
                  | damaged in melee. [demonic ancestry]
   211 | D:1      | Reached XP level 2. HP: 24/24 MP: 2/2
   234 | D:1      | Reached skill level 2 in Axes
   805 | D:1      | Gained mutation: You have a pair of small antennae on your
                  | head. [demonic ancestry]
   805 | D:1      | Reached XP level 3. HP: 29/29 MP: 3/3
   997 | D:1      | Found Onuo's Magic Scroll Boutique.
  1769 | D:2      | Reached skill level 3 in Axes
  1841 | D:2      | Reached XP level 4. HP: 30/35 MP: 4/4
  2872 | D:3      | Noticed a bullfrog
  2883 | D:3      | Killed a bullfrog
  2884 | D:3      | Reached skill level 1 in Dodging
  2884 | D:3      | Gained mutation: A meltable shield of frost defends you.
                  | (SH +4) [demonic ancestry]
  2884 | D:3      | Reached XP level 5. HP: 31/41 MP: 5/5
  3162 | D:3      | Found a faded altar of an unknown god.
  3173 | D:3      | Prayed at the altar of an unknown god.
  3173 | D:3      | Became a worshipper of Uskayaw the Reveller
  3173 | D:3      | Reached * piety under Uskayaw
  3175 | D:3      | Fell from the grace of Uskayaw
  3592 | D:4      | Reached skill level 4 in Axes
  3611 | D:4      | Gained mutation: Your movements are slightly less
                  | encumbered by armour. (ER -2) [demonic ancestry]
  3611 | D:4      | Reached XP level 6. HP: 41/47 MP: 6/6
  4193 | D:4      | Noticed Natasha
  4200 | D:4      | Killed Natasha
  4711 | D:4      | Noticed Natasha
  4718 | D:4      | Killed Natasha
  4833 | D:5      | Entered Level 5 of the Dungeon
  5005 | D:5      | Noticed a water moccasin
  5030 | D:4      | Gained mutation: A meltable icy envelope protects you from
                  | harm. (AC +4) [demonic ancestry]
  5030 | D:4      | Reached XP level 7. HP: 45/53 MP: 7/7
  5091 | D:4      | Paralysed by the fury of Uskayaw for 7 turns
  5099 | D:4      | Reached skill level 5 in Axes
  5261 | D:4      | Noticed Natasha
  5267 | D:4      | Killed Natasha
  6314 | D:5      | Cast into level 2 of the Abyss (gnoll sergeant)
  6329 | Abyss:2  | Noticed a thrashing horror
  6417 | Abyss:2  | Noticed an ancient zyme
  6430 | Abyss:2  | Noticed a spatial vortex
  6433 | Abyss:2  | Killed an ancient zyme
  6436 | D:5      | Escaped the Abyss
  6446 | D:6      | Reached XP level 8. HP: 31/61 MP: 8/8
  6562 | D:5      | Reached skill level 6 in Axes
  8019 | D:6      | Reached skill level 5 in Armour
  8022 | D:6      | Reached skill level 7 in Axes
  8472 | D:6      | Reached skill level 5 in Fighting
  8522 | D:6      | Found an ornate altar of the Wu Jian Council.
  8524 | D:6      | Found a shimmering blue altar of Sif Muna.
  8524 | D:6      | Found a stormy altar of Qazlal.
  8524 | D:6      | Found an iron altar of Okawaru.
  8524 | D:6      | Found a hide-covered altar of Uskayaw.
  8527 | D:6      | Found a radiant altar of Vehumet.
  8533 | D:6      | Became a worshipper of Warmaster Okawaru
  8693 | D:6      | Identified a scroll of acquirement
  8693 | D:6      | Acquired the +11 broad axe of Vogrur {antimagic, Str+5}
  8861 | D:7      | Reached XP level 9. HP: 62/68 MP: 3/9
  8912 | D:7      | Found a flagged portal.
  8917 | Bailey   | Entered a bailey
  8948 | Bailey   | Reached * piety under Okawaru
  8949 | Bailey   | Reached skill level 5 in Shields
  8958 | Bailey   | Reached skill level 8 in Axes
  9475 | Bailey   | Noticed a vault guard
  9475 | Bailey   | Noticed Prince Ribbit
  9486 | Bailey   | Killed Prince Ribbit
  9486 | Bailey   | Reached ** piety under Okawaru
  9488 | Bailey   | Killed a vault guard
  9489 | Bailey   | Reached skill level 9 in Axes
  9489 | Bailey   | Gained mutation: Your movements are less encumbered by
                  | armour. (ER -4) [demonic ancestry]
  9489 | Bailey   | Reached XP level 10. HP: 65/76 MP: 3/10
  9562 | Bailey   | Noticed a vault guard
  9581 | Bailey   | Killed a vault guard
  9888 | Bailey   | Was forgiven by Uskayaw
 10197 | D:7      | Reached *** piety under Okawaru
 10322 | D:7      | Reached skill level 10 in Axes
 10429 | D:7      | Found a staircase to the Ecumenical Temple.
 10726 | D:7      | Found a runed translucent door.
 10727 | D:7      | Noticed Crazy Yiuf
 10731 | D:7      | Killed Crazy Yiuf
 11205 | D:8      | Reached **** piety under Okawaru
 11219 | D:8      | Gained mutation: Your body sometimes deteriorates upon
                  | taking damage. [potion of mutation]
 11219 | D:8      | Gained mutation: Your flesh is heat resistant. (rF+)
                  | [potion of mutation]
 11219 | D:8      | Gained mutation: You have very sharp teeth. [potion of
                  | mutation]
 11220 | D:8      | Lost mutation: Your flesh is heat resistant. (rF+) [potion
                  | of mutation]
 11220 | D:8      | Lost mutation: You have very sharp teeth. [potion of
                  | mutation]
 11220 | D:8      | Gained mutation: Your body often deteriorates upon taking
                  | damage. [potion of mutation]
 11220 | D:8      | Gained mutation: You are robust. (+10% HP) [potion of
                  | mutation]
 11221 | D:8      | Lost mutation: You are robust. (+10% HP) [potion of
                  | mutation]
 11221 | D:8      | Lost mutation: Your body often deteriorates upon taking
                  | damage. [potion of mutation]
 11221 | D:8      | Lost mutation: Your body sometimes deteriorates upon taking
                  | damage. [potion of mutation]
 11221 | D:8      | Gained mutation: You expend magic power (3 MP) to
                  | strengthen your wands. [potion of mutation]
 11221 | D:8      | Gained mutation: Your spells are a little harder to cast,
                  | but a little more powerful. [potion of mutation]
 11221 | D:8      | Gained mutation: You have a somewhat thin skeletal
                  | structure. (Dex +2, Stealth+) [potion of mutation]
 11222 | D:8      | Lost mutation: You have a somewhat thin skeletal structure.
                  | (Dex +2, Stealth+) [potion of mutation]
 11222 | D:8      | Lost mutation: Your spells are a little harder to cast, but
                  | a little more powerful. [potion of mutation]
 11222 | D:8      | Gained mutation: Your muscles are strong. (Str +2) [potion
                  | of mutation]
 11222 | D:8      | Gained mutation: You are somewhat resistant to further
                  | mutation. [potion of mutation]
 11686 | D:9      | Noticed an elephant
 11688 | D:9      | Found a staircase to the Lair.
 11694 | D:9      | Killed an elephant
 11701 | D:9      | Reached ***** piety under Okawaru
 11702 | D:9      | Gained mutation: You have a pair of antennae on your head.
                  | [demonic ancestry]
 11702 | D:9      | Reached XP level 11. HP: 64/83 MP: 3/11
 11889 | D:9      | Reached skill level 11 in Axes
 12288 | D:9      | You fall into a shaft and drop 2 floors!
 12288 | D:11     | Noticed a two-headed ogre
 12296 | D:10     | Entered Level 10 of the Dungeon
 12296 | D:10     | Found a staircase to the Orcish Mines.
 12829 | D:9      | Found a shimmering altar of Xom.
 13217 | D:10     | Noticed a two-headed ogre
 13224 | D:10     | Killed a two-headed ogre
 13225 | D:10     | Found Hikol's Distillery.
 13571 | D:1      | Bought a scroll of acquirement for 676 gold pieces
 13572 | D:1      | Acquired the ring of Sin {AC+4 Str+4 Slay+2}
 14067 | D:10     | Identified the +2 hat "Moufepp" {MP+9} (Okawaru gifted it
                  | to you on level 10 of the Dungeon)
 14067 | D:10     | Received a gift from Okawaru
 14587 | D:10     | Noticed a two-headed ogre
 14593 | D:10     | Killed a two-headed ogre
 14594 | D:10     | Reached skill level 12 in Axes
 15255 | D:11     | Killed a two-headed ogre
 15618 | D:11     | Noticed Josephine
 15630 | D:11     | Killed Josephine
 15631 | D:11     | Reached XP level 12. HP: 81/92 MP: 4/12
 15902 | D:12     | Acquired 830 gold pieces
 16101 | D:12     | Noticed a rakshasa
 16106 | D:12     | Noticed a boulder beetle
 16139 | D:12     | Killed a rakshasa
 16302 | D:12     | Killed a boulder beetle
 16303 | D:12     | Reached skill level 13 in Axes
 16338 | D:12     | Noticed a boulder beetle
 16546 | D:13     | Found a gate leading to a gauntlet.
 16552 | Gauntlet | Entered a Gauntlet
 16552 | Gauntlet | Found a transporter.
 16552 | Gauntlet | Found a transporter.
 16556 | Gauntlet | Found a transporter.
 16557 | Gauntlet | Found a transporter.
 16563 | Gauntlet | Found a transporter.
 16579 | Gauntlet | Found a transporter.
 16603 | Gauntlet | Found a transporter.
 16604 | Gauntlet | Noticed a death scarab
 16608 | Gauntlet | Found a transporter.
 16608 | Gauntlet | Found a transporter.
 16610 | Gauntlet | Found a transporter.
 16617 | Gauntlet | Noticed a death scarab
 16646 | Gauntlet | Found a transporter.
 16662 | Gauntlet | Noticed a death scarab
 16707 | Gauntlet | Found a transporter.
 16728 | Gauntlet | Found a transporter.
 16843 | Gauntlet | Received a gift from Okawaru
 16859 | Gauntlet | Found a transporter.
 16893 | Gauntlet | Cast into level 2 of the Abyss (a wizard)
 16895 | Abyss:2  | Found a corrupted altar of Lugonu.
 16896 | Abyss:2  | Noticed a tentacled starspawn
 16916 | Abyss:2  | Noticed a great orb of eyes
 16920 | Abyss:2  | Noticed an ancient lich
 16921 | Abyss:2  | Paralysed by a great orb of eyes for 5 turns
 17148 | Abyss:2  | Found a sparkling altar of Nemelex Xobeh.
 17148 | Abyss:2  | Noticed a tentacled starspawn
 17162 | Abyss:2  | Mangled by a tentacled starspawn

Illustrated notes

Levels and vault maps discovered:
D:1:      grunt_arrival_lava_bath, layout_basic, serial_shops,
          nicolae_shop_hallway_plus, solitary_fountain
D:2:      layout_basic, serial_bayou_pond_d, minmay_fractal_squares_gapless_5
D:3:      layout_loops_ring, nicolae_ecumenical_snake_handling
D:4:      minmay_wonky_spiral, layout_gridville, serial_bayou_pond_c,
          serial_bayou_pond_b, uniq_natasha
D:5:      layout_layer_cave, hangedman_minor_gate_pass
D:6:      layout_cave_pools, minitemple, serial_glass, glass_columns_b,
          glass_columns_a, minmay_misc_feat_square
D:7:      layout_loops_ring, minmay_temple_entry_drinking_statues,
          enter_bailey_3, dreamdust_gnoll_shepherd, uniq_crazy_yiuf_cottage
D:8:      layout_rooms, uniq_prince_ribbit1
D:9:      layout_long_grid, led_xom_imps, david_lair_generic
D:10:     layout_basic, minmay_orc_entry_temple_small, serial_shops, shop
D:11:     gammafunk_indiana_jones, layout_rooms, minivault_7, uniq_josephine
D:12:     layout_loops_ring, minivault_28
D:13:     layout_stronghold, gammafunk_ghost_hive, gauntlet_entry_generic,
          serial_bayou_crossing, uniq_lodul, uniq_jorgrun, uniq_snorg
Abyss:2:  base: D:2, base: Temple, bh_abyss_exit_spiral, base:
Gauntlet
Gauntlet: gammafunk_gauntlet_branching [gammafunk_gauntlet_arena_hedges,
          gammafunk_gauntlet_arena_mazey, nicolae_gauntlet_arena_quarters,
          gammafunk_gauntlet_arena_split_x, gammafunk_gauntlet_arena_spirals,
          nicolae_gauntlet_arena_grate_2, gammafunk_gauntlet_arena_grid,
          nicolae_gauntlet_arena_x, dreamdust_gauntlet_exit_labyrinth]

Skill      XL: |  1  2  3  4  5  6  7  8  9 10 11 12 |
---------------+-------------------------------------+-----
Axes           | 2 3 4 5 7 9 10 12 13 | 13.1
Armour         | 3 4 5 6 7 8 |  8.2
Dodging        | 1 2 3 4 |  4.5
Shields        | 3 4 5 6 8 |  8.4
Fighting       | 4 5 6 7 8 |  8.1
Stealth        | |  0.9
Invocations    | |  0.1

Action                   |  1- 3 |  4- 6 |  7- 9 | 10-12 || total
-------------------------+-------+-------+-------+-------++-------
Melee: War axe           |   106 |   249 |   230 |       ||   585
       Broad axe         |       |       |    78 |   462 ||   540
Invok: Renounce Religion |       |     1 |       |       ||     1
       Heroism           |       |       |       |     2 ||     2
  Use: Scroll            |     2 |     9 |     6 |    10 ||    27
       Potion            |       |       |     2 |     5 ||     7
Armor: Scale mail        |    52 |   121 |   138 |       ||   311
       Chain mail        |       |       |    29 |     2 ||    31
       Plate armour      |       |       |       |   241 ||   241
Dodge: Dodged            |    59 |   120 |   134 |   174 ||   487
Block: Buckler           |    28 |   106 |   161 |    95 ||   390
       Kite shield       |       |       |       |   232 ||   232

Table legend: (Time is in decaauts)
 A = Elapsed time spent in this place.
 B = Non-inter-level travel time spent in this place.
 C = Inter-level travel time spent in this place.
 D = Time resting spent in this place.
 E = Time spent auto-exploring this place.
 F = Levels seen in this place.
 G = Mean time per level.
                   A        B        C        D        E       F      G
               +--------+--------+--------+--------+--------+-----+--------+
         Total |  17443 |  16921 |    522 |   4653 |   8421 |  17 | 1026.1 |
       Dungeon |  15546 |  15024 |    522 |   3670 |   8235 |  13 | 1195.8 |
         Abyss |    397 |    397 |      0 |    147 |     69 |   2 |  198.5 |
        Bailey |   1158 |   1158 |      0 |    836 |    117 |   1 | 1158.0 |
      Gauntlet |    341 |    341 |      0 |      0 |      0 |   1 |  341.0 |
               +--------+--------+--------+--------+--------+-----+--------+

Top non-repeatable levels by time:
     D:4: 2250 daAuts
    D:10: 1995 daAuts
     D:5: 1803 daAuts
     D:2: 1638 daAuts
     D:9: 1309 daAuts
     D:6: 1177 daAuts
  Bailey: 1158 daAuts
     D:1: 1110 daAuts
     D:7: 1040 daAuts
     D:3: 1030 daAuts
     D:8: 769 daAuts
    D:11: 727 daAuts
    D:12: 497 daAuts
 Abyss:2: 397 daAuts
Gauntlet: 341 daAuts
